 Dungeon Crawl Stone Soup version 0.28.0-53-g5a82cb258f (webtiles) character file.

Game seed: 11552388450589806195

56 suse60 the Gusty (level 3, 0/19 HPs)
             Began as a Tengu Air Elementalist on June 2, 2022.
             Killed from afar by Sigmund (8 damage)
             ... with a puff of flame
             ... on level 2 of the Dungeon.
             The game lasted 00:13:47 (2139 turns).

suse60 the Gusty (Tengu Air Elementalist)           Turns: 2139, Time: 00:13:48

Health: 0/19       AC:  2    Str:  8    XL:     3   Next: 95%
Magic:  1/7        EV: 12    Int: 17    God:
Gold:   30         SH:  0    Dex: 14    Spells: 4/7 levels left

rFire   . . .      SeeInvis .   b - +0 hand axe
rCold   . . .      Faith    .   (no shield)
rNeg    . . .      Spirit   .   a - +0 robe
rPois   .          Reflect  .   (helmet restricted)
rElec   .          Harm     .   (no cloak)
rCorr   .          Rampage  .   (no gloves)
Will    .....                   (boots unavailable)
Stlth   ++........              (no amulet)
HPRegen 0.06/turn               (no ring)
MPRegen 0.10/turn               (no ring)

@: no status effects
A: beak, talons 3
a: no special abilities


You were on level 2 of the Dungeon.
You visited 1 branch of the dungeon, and saw 2 of its levels.

You collected 30 gold pieces.

Inventory:

Hand Weapons
 b - a +0 hand axe (weapon)
Armour
 a - a +0 robe (worn)
Jewellery
 d - a ring of ice
Scrolls
 e - a scroll of identify
 h - a scroll of summoning {unknown}
 k - a scroll of vulnerability {unknown}
 l - a scroll of magic mapping {unknown}
Potions
 c - a potion of curing
 g - a potion of brilliance {unknown}
 i - a potion of degeneration {unknown}
 j - a potion of magic {unknown}
 m - a potion of flight {unknown}


   Skills:
 + Level 2.7 Dodging
 + Level 2.5 Stealth
 * Level 2.6 Spellcasting
 + Level 2.3 Conjurations
 + Level 4.5 Air Magic


You had 4 spell levels left.
You knew the following spells:

 Your Spells              Type           Power      Damage    Failure   Level
a - Shock                 Conj/Air       52%        1d6       4%          1
b - Static Discharge      Conj/Air       13%        N/A       7%          2

Your spell library contained the following spells:

 Spells                   Type           Power      Damage    Failure   Level
 Swiftness                Air            17%        N/A       9%          3
 Airstrike                Air            8%         N/A       28%         4


Dungeon Overview and Level Annotations

Branches:
Dungeon (2/15)

Altars:

Annotations:
D:2 Natasha, Sigmund


Innate Abilities, Weirdness & Mutations

You have a beak for a mouth.
You have claws for feet.


Message History

Casting: Shock (safe; 4% risk of failure)
Confirm with . or Enter, or press ? or * to list all spells.
Aiming: Shock (safe; 4% risk of failure)
Press: ? - help, Shift-Dir - straight line, f/p - Sigmund
Aim: Sigmund, wielding a +0 scythe and wearing a +0 robe (moderately wounded, 64% to hit)
The zap misses Sigmund.
Sigmund casts a spell at you. The magic dart hits you.
Casting: Shock (safe; 4% risk of failure)
Confirm with . or Enter, or press ? or * to list all spells.
Aiming: Shock (safe; 4% risk of failure)
Press: ? - help, Shift-Dir - straight line, f/p - Sigmund
Aim: Sigmund, wielding a +0 scythe and wearing a +0 robe (lightly wounded, 64% to hit)
The zap hits Sigmund.
Sigmund is moderately wounded.
Casting: Shock (safe; 4% risk of failure)
Confirm with . or Enter, or press ? or * to list all spells.
Aiming: Shock (safe; 4% risk of failure)
Press: ? - help, Shift-Dir - straight line, f/p - Sigmund
Aim: Sigmund, wielding a +0 scythe and wearing a +0 robe (moderately wounded, 64% to hit)
The zap hits Sigmund.
Sigmund is heavily wounded.
Casting: Shock (safe; 4% risk of failure)
Confirm with . or Enter, or press ? or * to list all spells.
Aiming: Shock (safe; 4% risk of failure)
Press: ? - help, Shift-Dir - straight line, f/p - Sigmund
Aim: Sigmund, wielding a +0 scythe and wearing a +0 robe (heavily wounded, 64% to hit)
The zap misses Sigmund.
Casting: Shock (safe; 4% risk of failure)
Confirm with . or Enter, or press ? or * to list all spells.
Aiming: Shock (safe; 4% risk of failure)
Press: ? - help, Shift-Dir - straight line, f/p - Sigmund
Aim: Sigmund, wielding a +0 scythe and wearing a +0 robe (heavily wounded, 64% to hit)
The zap hits Sigmund.
Sigmund is severely wounded.
Sigmund hits you from afar with a +0 scythe. 2 gnolls come into view.
Sigmund casts a spell at you. The puff of flame hits you!
You die...

######.#### #.# ###
###.# #.. ..#.########
#.# #.#........# #.#
#.#..#####.#
g..####.###.#..#......
#..g.............###.
#@###..........#
##..@....#######
##.###.## #.## #.# #.#
#.# #.# #+# #. #


You could see Sigmund and 2 gnolls.

Vanquished Creatures
  Natasha (D:2)
  A dart slug (D:1)
  A ball python (D:1)
  A bat (D:1)
  3 endoplasms (D:1)
  2 giant cockroaches (D:1)
  4 goblins (D:1)
  3 hobgoblins (D:1)
  5 frilled lizards
  4 kobolds (D:1)
  2 rats (D:1)
27 creatures vanquished.

Notes
Turn   | Place    | Note
-------+----------+-------------------------------------------
     0 | D:1      | suse60 the Tengu Air Elementalist began the quest for the
                  | Orb.
     0 | D:1      | Reached XP level 1. HP: 10/10 MP: 4/4
   576 | D:1      | Reached XP level 2. HP: 15/15 MP: 3/6
  1057 | D:1      | Learned a level 2 spell: Static Discharge
  1158 | D:1      | Found a faded altar of an unknown god.
  1264 | D:1      | Reached XP level 3. HP: 19/19 MP: 0/7
  1814 | D:2      | Noticed Natasha
  1819 | D:2      | Killed Natasha
  1891 | D:2      | Noticed Natasha
  2126 | D:2      | Noticed Sigmund
  2139 | D:2      | Killed from afar by Sigmund

Illustrated notes

Levels and vault maps discovered:
D:1:      scummos_arrival_forest, layout_basic, ebering_ecumenical_altar_webs,
          serial_glass, glass_columns_a, glass_columns_c, feat_on_display,
          due_unseen_surprise, minmay_strange_pillars, minmay_heptomino_h4
D:2:      layout_loops_corners, uniq_sigmund, uniq_natasha

Skill      XL: |  1  2 |
---------------+-------+-----
Conjurations   | 2 |  2.3
Dodging        | |  2.7
Stealth        | |  2.5
Spellcasting   | |  2.6
Air Magic      | |  4.5

Action                   || total
-------------------------++-------
Melee: Hand axe          ||    11
       Kick              ||     2
       Peck              ||     2
 Cast: Shock             ||    68
  Use: Scroll            ||     2
Armor: Robe              ||     5
Dodge: Dodged            ||    14
